Map: Echo LE (Void)

Players

Amix - Winner!

  • Race: Zerg Zerg
  • League: Gold
  • Spawn Location: 11:00

syl

  • Race: Terran Terran
  • League: Gold
  • Spawn Location: 5:00

VOD

Have the link to the VOD?

Description

Time

  • Played on: Nov. 28, 2016, 10 a.m.
  • Length: 25:08
Show
View Real Time Build Order
Export as new Build Order

Amix Zerg - Winner!

Build Orders: Hatch First 

Get SALT Encoding   

  12  0:01  Drone  
  13  0:13  Drone  
  14  0:18  Overlord  
  14  0:25  Drone, Extractor  
  15  0:36  Drone x2  
  17  0:54  Hatchery  
  16  0:58  Drone  
  17  1:04  Extractor  
  17  1:05  Drone  
  17  1:20  Spawning Pool  
  16  1:29  Drone x3  
  19  1:40  Overlord  
  19  1:51  Drone  
  20  2:01  Drone  
  20  2:06  Drone  
  20  2:07  Metabolic Boost  
  22  2:09  Queen  
  22  2:15  Queen  
  26  2:21  Drone  
  27  2:23  Drone  
  27  2:27  Drone  
  27  2:28  Drone  
  30  2:33  Drone  
  31  2:39  Drone  
  32  2:47  Evolution Chamber  
  31  2:51  Queen  
  31  2:55  Zergling x2  
  36  2:59  Overlord  
  36  3:07  Pneumatized Carapace  
  36  3:09  Drone  
  36  3:10  Zergling x2  
  36  3:17  Zergling x4  
  36  3:18  Zergling x2  
  39  3:26  Zergling x10  
  44  3:28  Overlord  
  44  3:44  Overlord x2  
  44  3:45  Overlord  
  44  3:46  Queen  
  44  3:47  Zergling x2  
  47  4:00  Queen  
  49  4:22  Queen  
  51  4:33  Zergling x12  
  51  4:34  Zergling x8  
  61  4:59  Zergling x10  
  66  5:07  Queen x2  
  66  5:09  Zergling x8  
  66  5:10  Zergling x2  
  65  5:42  Queen  
  61  5:43  Queen  
  61  5:48  Spore Crawler  
  55  5:52  Spore Crawler  
  55  5:55  Spore Crawler  
  49  5:57  Spore Crawler  
  49  6:01  Spore Crawler, Zergling x4  
  49  6:02  Spore Crawler, Zergling x2  
  49  6:04  Spore Crawler  
  46  6:14  Zergling x8  
  46  6:18  Queen  
  50  6:19  Queen  
  50  6:22  Zergling x4  
  57  6:32  Drone  
  57  6:33  Drone, Spore Crawler  
  52  6:54  Queen x2, Zergling x4  
  48  6:55  Zergling x8  
  46  7:24  Zergling x12  
  46  8:04  Zergling x16  
  46  8:05  Zergling x8  
  58  8:10  Queen x2  
  62  8:27  Zergling x6  
  62  8:28  Zergling x6  
  66  8:45  Queen x2  
  42  9:30  Queen  
  42  9:32  Drone x6  
  42  9:33  Drone x6  
  54  9:41  Spore Crawler  
  55  9:45  Drone x2  
  55  9:47  Spore Crawler x3  
  52  10:08  Roach Warren  
  51  10:21  Drone x8  
  55  10:22  Drone  
  55  10:23  Extractor  
  55  10:25  Extractor  
  58  10:29  Spore Crawler  
  58  10:31  Spore Crawler x2  
  58  10:33  Lair  
  55  10:52  Extractor  
  54  11:21  Spore Crawler x2  
  54  11:22  Spore Crawler  
  49  11:32  Spore Crawler  
  46  11:33  Spore Crawler  
  40  12:03  Queen  
  27  12:41  Spawning Pool  
  26  13:10  Hatchery  
  23  14:06  Queen  
  25  14:41  Queen  
  27  14:48  Hatchery  
  27  14:52  Drone x6  
  32  15:18  Overseer  
  32  15:31  Zergling x14  
  32  15:32  Zergling x8  
  36  16:19  Zergling x8  
  36  16:20  Zergling x20  
  36  16:23  Drone  
  47  16:49  Drone x2  
  49  17:07  Queen  
  53  17:21  Drone x3  
  50  18:07  Spire  
  50  18:11  Spore Crawler  
  48  18:15  Spore Crawler  
  48  18:17  Spore Crawler  
  45  18:30  Queen x2  
  49  18:37  Drone x8  
  57  19:03  Overlord  
  57  19:06  Queen  
  59  19:12  Extractor  
  56  19:40  Corruptor x2  
  56  19:44  Corruptor  
  62  19:54  Overlord  
  62  19:58  Overseer  
  62  20:22  Overlord x2  
  62  20:41  Corruptor  
  64  20:51  Corruptor  
  66  21:08  Corruptor  
  64  21:41  Overseer  
  59  21:56  Corruptor x2  
  61  22:27  Corruptor  
  63  23:16  Corruptor x2  
  67  24:04  Zergling x8  
Show
View Real Time Build Order
Export as new Build Order

syl Terran 

Build Orders: Banshee Rush 

Get SALT Encoding   

  12  0:03  SCV  
  13  0:15  SCV  
  14  0:27  SCV  
  15  0:36  Supply Depot  
  15  0:41  Refinery  
  15  0:44  Refinery  
  15  0:57  SCV  
  15  1:00  Barracks  
  16  1:08  Supply Depot  
  16  1:09  SCV  
  17  1:22  SCV  
  18  1:34  SCV  
  19  1:49  Marine  
  19  1:51  Factory  
  19  1:52  Orbital Command  
  20  2:14  Marine  
  21  2:21  SCV  
  22  2:39  Starport  
  22  2:46  Starport  
  22  2:51  SCV  
  23  2:59  Starport  
  23  3:03  SCV  
  24  3:18  Starport Tech Lab  
  24  3:22  SCV  
  24  3:24  Starport Tech Lab  
  25  3:38  Starport Tech Lab  
  25  3:39  SCV  
  26  3:42  Cloaking Field  
  26  3:43  Banshee  
  26  3:48  Supply Depot  
  29  4:09  Banshee x2  
  35  4:11  Supply Depot  
  35  4:34  Banshee  
  38  4:39  SCV  
  39  4:47  Supply Depot  
  39  4:53  Banshee x2  
  39  4:59  SCV  
  46  5:01  Marine  
  47  5:38  Banshee x2  
  33  5:56  SCV  
  27  6:08  SCV  
  28  6:20  SCV  
  28  6:24  Banshee  
  32  6:26  Marine  
  32  6:32  SCV  
  31  6:44  Marine, SCV  
  30  6:57  SCV  
  31  7:02  Marine  
  31  7:07  Supply Depot  
  25  7:18  SCV  
  24  7:30  SCV  
  24  7:45  Banshee  
  24  7:46  SCV  
  28  7:52  Marine  
  29  7:59  SCV  
  30  8:10  Marine  
  30  8:11  SCV  
  32  8:23  SCV  
  33  8:28  Marine  
  34  8:35  SCV  
  35  8:47  SCV  
  35  8:59  SCV  
  33  9:07  Banshee x2  
  39  9:11  SCV  
  30  9:29  Supply Depot  
  30  9:30  Viking  
  32  9:50  Marine  
  33  9:56  SCV  
  34  10:16  Banshee  
  37  10:24  Marine  
  14  12:51  Banshee x2  
  18  14:07  Banshee x2  
  24  14:11  Marine  
  24  14:13  SCV  
  26  14:25  Hellion  
  26  14:29  Marine  
  29  14:34  SCV  
  30  14:46  SCV  
  30  14:47  Marine, Hellion  
  34  15:04  Marine  
  35  15:08  Banshee  
  38  15:27  Hellion  
  31  16:19  Banshee x2  
  31  16:25  Marine  
  38  16:29  SCV  
  39  16:43  Marine  
  40  16:55  SCV  
  40  16:57  Banshee  
  40  17:00  Marine  
  45  17:24  Marine  
  46  17:30  Supply Depot  
  46  17:52  Hellion  
  46  17:54  Banshee  
  51  18:01  Marine  
  52  18:19  Marine  
  53  18:33  Widow Mine  
  53  18:40  Supply Depot  
  55  19:42  Orbital Command  
  55  19:57  Banshee x2  
  55  19:59  Marine  
  62  20:23  SCV  
  63  20:51  Supply Depot  
  63  21:12  SCV, Banshee  
  67  21:31  SCV  
  67  21:32  Bunker  
  68  21:44  Marine, Supply Depot  
  69  21:49  Hellion  
  68  22:03  Viking  
  70  22:13  Supply Depot  
  70  22:21  Supply Depot  
  70  22:22  Viking  
  72  22:27  SCV  
  73  22:38  Supply Depot  
  73  22:42  Refinery  
  73  22:44  Refinery  
  73  22:47  Banshee x2  
  79  22:54  Supply Depot  
  79  23:15  Viking  
  81  23:22  SCV  
  82  23:40  Bunker  
  82  23:56  Viking  
Tags
 
League
GoldGold
Matchup
TvZ
Spawn Locations
Cross Positions
Strategy
Banshee Rush
Add a new tag
Caveats
  • Supply blocks, unpowered buildings, or Contaminate may cause inaccurate times.
  • Supply counts are checked every 10 seconds.